 Dungeon Crawl Stone Soup version 0.27.1-1-g398f81649c (webtiles) character file.

Game seed: 1387118554157738804

2242 MisterFreud the Shield-Bearer (level 9, -6/72 HPs)
             Began as a Gnoll Fighter on Sept 13, 2021.
             Was a Priest of Ru.
             Mangled by a shadow (18 damage)
             ... on level 10 of the Dungeon.
             The game lasted 00:11:43 (7592 turns).

MisterFreud the Shield-Bearer (Gnoll Fighter)       Turns: 7592, Time: 00:11:43

Health: -6/72      AC:  6    Str: 15    XL:     9   Next: 37%
Magic:  14/14      EV: 11    Int: 11    God:    Ru [***...]
Gold:   163        SH: 10    Dex: 12    Spells: 15/15 levels left

rFire    . . .     SeeInvis .   a - +0 rapier
rCold    . . .     Faith    .   c - +0 kite shield
rNeg     . . .     Spirit   .   l - +0 steam dragon scales
rPois    .         Reflect  .   (no helmet)
rElec    .         Harm     .   (no cloak)
rCorr    .         Rampage  .   (no gloves)
Will     .....                  (no boots)
Stlth    ..........             (no amulet)
HPRegen  0.22/turn              (no ring)
MPRegen  0.14/turn              (no ring)

@: no status effects
A: fangs 1, no stealth, hated by all, unskilled 1, strong nose, distributed
training
a: Renounce Religion, Draw Out Power


You were on level 10 of the Dungeon.
You worshipped Ru.
Ru was most pleased with you.
You visited 1 branch of the dungeon, and saw 8 of its levels.

You collected 213 gold pieces.
You spent 50 gold pieces at shops.

Inventory:

Hand Weapons
 a - a +0 rapier (weapon)
 q - a +3 dagger
Missiles
 m - a curare-tipped dart (quivered)
 x - 2 boomerangs
Armour
 c - a +0 kite shield (worn)
 l - +0 steam dragon scales (worn)
Jewellery
 A - a ring of protection from fire
Scrolls
 h - 3 scrolls of fear {unknown}
 n - a scroll of magic mapping {unknown}
 o - a scroll of acquirement {unknown}
 p - a scroll of blinking {unknown}
 u - a scroll of torment {unknown}
 w - a scroll of summoning {unknown}
 y - a scroll of fog {unknown}
 z - a scroll of identify
Potions
 b - a potion of magic {unknown}
 d - 3 potions of might
 e - a potion of haste
 f - a potion of cancellation {unknown}
 g - a potion of heal wounds
 i - 2 potions of mutation {unknown}
 j - a potion of flight {unknown}
 r - 2 potions of attraction {unknown}
 s - a potion of degeneration {unknown}
 t - a potion of lignification {unknown}
 v - 2 potions of curing {unknown}


   Skills:
 + Level 7.1 Fighting
 + Level 5.7 Short Blades
 + Level 3.8 Long Blades
 + Level 3.8 Axes
 + Level 3.8 Maces & Flails
 + Level 3.8 Polearms
 + Level 3.8 Staves
 + Level 3.8 Slings
 + Level 3.8 Bows
 + Level 3.8 Crossbows
 + Level 3.8 Throwing
 + Level 7.1 Armour
 + Level 3.8 Dodging
   Level 0.0 Stealth
 + Level 7.1 Shields
 + Level 3.8 Unarmed Combat
 + Level 3.8 Spellcasting
 + Level 3.1 Conjurations
 + Level 3.1 Hexes
   Level 1.4 Summonings
 + Level 3.1 Necromancy
 + Level 3.1 Translocations
 + Level 3.1 Transmutations
 + Level 3.1 Fire Magic
 + Level 3.1 Ice Magic
 + Level 3.1 Air Magic
 + Level 3.1 Earth Magic
 + Level 3.1 Poison Magic
 + Level 4.1 Invocations
 + Level 3.8 Evocations


You had 15 spell levels left.
You didn't know any spells.
Your spell library contained the following spells:

 Spells                   Type           Power      Damage    Failure   Level
 Pain                     Necr           32%        1d5       19%         1
 Passwall                 Tmut/Erth      6%         N/A       28%         2
 Vampiric Draining        Necr           4%         2d6       50%         3
 Leda's Liquefaction      Hex/Erth       4%         N/A       88%         4
 Bolt of Magma            Conj/Fire/Erth 4%         4d5       99%         5
 Iron Shot                Conj/Erth      4%         9d2       100%        6
 Statue Form              Tmut/Erth      5%         N/A       100%        6
 Shatter                  Erth           4%         3d7*      100%        9
 Animate Skeleton         Necr           Unusable   N/A       N/A         1

Dungeon Overview and Level Annotations

Branches:
Dungeon (10/15)               Orc (0/2) D:10
 Temple: D:4-7         Lair: D:8-11

Altars:
Ashenzari
Cheibriados
Okawaru
Ru
Trog
Wu Jian
Xom

Shops:
D:2 ?   D:5 [


Innate Abilities, Weirdness & Mutations

You have very sharp teeth.
You cannot be stealthy.
You are hated by all.
You are somewhat unskilled. (-1 Apt)
Your uncanny sense of smell can sniff out nearby items.
Your experience applies equally to all skills.


Message History

Aim: an orc warrior, wielding a +0 flail and wearing a +0 plate armour (severely wounded, poisoned, slow, 62% to hit)
You throw a curare-tipped dart.
The curare-tipped dart completely misses the orc warrior.
Throw: 2 darts (curare)
Press: ? - help, Q - select action, (/) - cycle Shift-Dir - straight line, f/p - orc warrior
Aim: an orc warrior, wielding a +0 flail and wearing a +0 plate armour (severely wounded, poisoned, slow, 62% to hit)
You throw a curare-tipped dart.
The curare-tipped dart hits the orc warrior.
The orc warrior looks even sicker.
The orc warrior convulses.
The orc warrior seems to be slow for longer.
The orc warrior is almost dead.
You barely miss the orc warrior.
The orc warrior is almost dead.
You kill the orc warrior!
You puncture something!
Reactivating autopickup.
You feel a bit more experienced.
You hit the orc.
The orc is moderately wounded.
The orc hits you with a +0 short sword.
* * * LOW HITPOINT WARNING * * *
You barely miss the orc.
The orc is moderately wounded.
The orc hits you but does no damage.
You hit the orc.
The orc is heavily wounded.
The orc misses you.
You hit the orc.
The orc is almost dead.
You block the orc's attack.
You closely miss the orc.
The orc is almost dead.
The orc hits you with a +0 short sword.
* * * LOW HITPOINT WARNING * * *
You focus your inner power and blind the orc in retribution!
You strike the helpless orc from behind!
You puncture the orc!
You kill the orc!
The shadow strikes at you from the darkness!
You die...

#
######.#
#.o.@..#
#.######
#####.##
#o{)...#
#)###..#
#<# #..#
∆ #(#
...#
#o##.#.##
#o{..o..#


You could see an orc.

Vanquished Creatures
  Pikel (D:4)
  2 wyverns (D:10)
  2 steam dragons
  A water moccasin (D:6)
  A sky beast (D:6)
  An orc warrior (D:10)
  An ogre (D:5)
  A centaur (D:9)
  3 lemures
  A phantom (D:6)
  A gnoll sergeant (D:10)
  A bullfrog (D:10)
  A water moccasin zombie (D:5)
  A scorpion (D:5)
  A wight (D:9)
  A bullfrog zombie (D:5)
  A centaur zombie (D:6)
  A jelly (D:4)
  2 orc priests
  A bullfrog skeleton (D:6)
  An orc wizard (D:10)
  Terence (D:2)
  2 howler monkey zombies (D:5)
  6 gnolls
  6 adders
  An adder skeleton (D:4)
  A worm (D:2)
  4 dart slugs
  11 orcs
  6 endoplasms
  2 giant cockroaches
  3 hobgoblins
  8 jackals
  3 quokkas
  7 ball pythons
  7 bats
  A frilled lizard (D:1)
  9 goblins
  8 kobolds
  8 rats
120 creatures vanquished.

Vanquished Creatures (others)
  A centaur zombie (D:5)
  A gnoll (D:10)
2 creatures vanquished.

Grand Total: 122 creatures vanquished

Notes
Turn   | Place    | Note
-------+----------+-------------------------------------------
     0 | D:1      | MisterFreud the Gnoll Fighter began the quest for the Orb.
     0 | D:1      | Reached XP level 1. HP: 23/23 MP: 1/1
    47 | D:1      | You fall into a shaft and drop 1 floor!
    60 | D:2      | Reached XP level 2. HP: 11/29 MP: 2/2
   462 | D:1      | Found a faded altar of an unknown god.
   472 | D:1      | Became a worshipper of Ru the Awakened
   473 | D:1      | Gained mutation: You are somewhat unskilled. (-1 Apt) [Ru
                  | sacrifice]
   473 | D:1      | Reduced skill Fighting to level 5
   473 | D:1      | Reduced skill Armour to level 5
   473 | D:1      | Reduced skill Shields to level 5
   473 | D:1      | Reached * piety under Ru
   492 | D:1      | Reached XP level 3. HP: 32/34 MP: 3/3
  1191 | D:2      | Noticed Terence
  1213 | D:2      | Killed Terence
  1214 | D:2      | Reached skill level 1 in Long Blades
  1214 | D:2      | Reached skill level 1 in Axes
  1214 | D:2      | Reached skill level 1 in Maces & Flails
  1214 | D:2      | Reached skill level 1 in Polearms
  1214 | D:2      | Reached skill level 1 in Staves
  1214 | D:2      | Reached skill level 1 in Slings
  1214 | D:2      | Reached skill level 1 in Bows
  1214 | D:2      | Reached skill level 1 in Crossbows
  1214 | D:2      | Reached skill level 1 in Throwing
  1214 | D:2      | Reached skill level 1 in Dodging
  1214 | D:2      | Reached skill level 1 in Stealth
  1214 | D:2      | Reached skill level 1 in Unarmed Combat
  1214 | D:2      | Reached skill level 1 in Spellcasting
  1214 | D:2      | Reached skill level 1 in Invocations
  1214 | D:2      | Reached skill level 1 in Evocations
  1214 | D:2      | Reached XP level 4. HP: 10/40 MP: 5/5
  1527 | D:2      | Found Ukhliwia's Magic Scroll Boutique.
  1531 | D:2      | Bought a scroll of teleportation for 30 gold pieces
  1531 | D:2      | Bought a scroll of identify for 20 gold pieces
  2192 | D:3      | Got Dispater's Papyrus of Clay
  2511 | D:3      | Found an ornate altar of the Wu Jian Council.
  2572 | D:3      | Reached XP level 5. HP: 43/46 MP: 6/6
  2646 | D:3      | Reached skill level 1 in Conjurations
  2646 | D:3      | Reached skill level 1 in Hexes
  2646 | D:3      | Reached skill level 1 in Summonings
  2646 | D:3      | Reached skill level 1 in Necromancy
  2646 | D:3      | Reached skill level 1 in Translocations
  2646 | D:3      | Reached skill level 1 in Transmutations
  2646 | D:3      | Reached skill level 1 in Fire Magic
  2646 | D:3      | Reached skill level 1 in Ice Magic
  2646 | D:3      | Reached skill level 1 in Air Magic
  2646 | D:3      | Reached skill level 1 in Earth Magic
  2646 | D:3      | Reached skill level 1 in Poison Magic
  3421 | D:4      | Found a snail-covered altar of Cheibriados.
  3553 | D:5      | Entered Level 5 of the Dungeon
  3664 | D:5      | Gained mutation: You cannot be stealthy. [Ru sacrifice]
  3664 | D:5      | Reached ** piety under Ru
  3738 | D:5      | Paralysed by an orc for 7 turns
  3886 | D:5      | Reached XP level 6. HP: 52/52 MP: 8/8
  3957 | D:4      | Found a shimmering altar of Xom.
  4006 | D:4      | Noticed a steam dragon
  4438 | D:4      | Noticed Pikel
  4481 | D:4      | Killed Pikel
  4482 | D:4      | Reached XP level 7. HP: 20/59 MP: 8/10
  4762 | D:4      | Found an iron altar of Okawaru.
  4762 | D:4      | Found a sacrificial altar of Ru.
  5041 | D:5      | Reached XP level 8. HP: 62/65 MP: 11/11
  5081 | D:5      | Found Jiemizea's Antique Armour Boutique.
  5086 | D:5      | Reached skill level 5 in Short Blades
  6007 | D:6      | HP: 2/65 [steam dragon/ball of steam (16)]
  6474 | D:6      | Gained mutation: You are hated by all. [Ru sacrifice]
  6474 | D:6      | Reached *** piety under Ru
  6682 | D:6      | You fall into a shaft and drop 3 floors!
  6705 | D:9      | Reached XP level 9. HP: 35/71 MP: 14/14
  6751 | D:9      | Found a bloodstained altar of Trog.
  6752 | D:9      | HP: 1/69 [wyvern (11)]
  6765 | D:10     | Entered Level 10 of the Dungeon
  6777 | D:10     | Reached skill level 1 in Summonings
  7140 | D:10     | Found a staircase to the Orcish Mines.
  7305 | D:9      | Found a broken altar of Ashenzari.
  7592 | D:10     | Mangled by a shadow

Illustrated notes

Levels and vault maps discovered:
D:1:      psy_arrival_whirlpool, layout_basic, basic_ecumenical_altar
D:2:      layout_basic, serial_shops, shop, uniq_terence
D:3:      layout_basic, nicolae_wu_jian_immortal_techniques
D:4:      layout_rooms, old_standard_altar, mainiacjoe_overflow_alcove_4,
          gammafunk_temple_overflow_wave, lightli_corner_chamber, uniq_pikel
D:5:      layout_cave_pools, serial_shops, nicolae_shop_crystal
D:6:      layout_basic, mainiacjoe_overflow_surrounded_room, minivault_1,
          columned_hall_lemuel
D:9:      layout_basic, led_sif_pool, trog_ov_bears_minmay,
          dancing_weapons_uskayaw, cheibrodos_ashenzari_chains
D:10:     layout_loops_cross, orc_0_dummy

Skill      XL: |  1  2  3  4  5  6  7  8  9 |
---------------+----------------------------+-----
Fighting       | 5 6 7 |  7.1
Armour         | 5 6 7 |  7.1
Shields        | 5 6 7 |  7.1
Long Blades    | 1 2 3 |  3.8
Axes           | 1 2 3 |  3.8
Maces & Flails | 1 2 3 |  3.8
Polearms       | 1 2 3 |  3.8
Staves         | 1 2 3 |  3.8
Slings         | 1 2 3 |  3.8
Bows           | 1 2 3 |  3.8
Crossbows      | 1 2 3 |  3.8
Throwing       | 1 2 3 |  3.8
Dodging        | 1 2 3 |  3.8
Stealth        | 1 0 |  0.0
Unarmed Combat | 1 2 3 |  3.8
Spellcasting   | 1 2 3 |  3.8
Invocations    | 1 2 3 4 |  4.1
Evocations     | 1 2 3 |  3.8
Conjurations   | 1 2 3 |  3.1
Hexes          | 1 2 3 |  3.1
Summonings     | 1 2 0 1 |  1.4
Necromancy     | 1 2 3 |  3.1
Translocations | 1 2 3 |  3.1
Transmutations | 1 2 3 |  3.1
Fire Magic     | 1 2 3 |  3.1
Ice Magic      | 1 2 3 |  3.1
Air Magic      | 1 2 3 |  3.1
Earth Magic    | 1 2 3 |  3.1
Poison Magic   | 1 2 3 |  3.1
Short Blades   | 5 |  5.7

Action                   |  1- 3 |  4- 6 |  7- 9 || total
-------------------------+-------+-------+-------++-------
Melee: Rapier            |   122 |   158 |   220 ||   500
       Bite              |    11 |    42 |    25 ||    78
       Dagger            |       |   147 |       ||   147
Throw: Dart              |       |       |    15 ||    15
       Boomerang         |       |       |     1 ||     1
Invok: Sacrifice Skill   |     1 |       |       ||     1
       Sacrifice Stealth |       |     1 |       ||     1
       Sacrifice Love    |       |       |     1 ||     1
  Use: Scroll            |       |       |     4 ||     4
       Potion            |       |       |     2 ||     2
 Stab: Distracted        |       |       |     2 ||     2
       Invisible         |       |       |     2 ||     2
Armor: Scale mail        |    47 |    86 |    40 ||   173
       Steam dragon scal |       |       |    18 ||    18
Dodge: Dodged            |    42 |    71 |    90 ||   203
Block: Kite shield       |    66 |   135 |   126 ||   327
